 Dungeon Crawl Stone Soup version 0.17.0-26-gececa24 (webtiles) character file.

340 Raultor the Ducker (level 6, -5/32 HPs)
             Began as a Vine Stalker Gladiator on Nov 19, 2015.
             Was a Follower of Zin.
             Slain by Uberwunderbarhen's ghost (7 damage)
             ... on level 4 of the Dungeon.
             The game lasted 00:07:31 (1848 turns).

Raultor the Ducker (Vine Stalker Gladiator)         Turns: 1848, Time: 00:07:31

Health: -5/32      AC:  5    Str: 18    XL:     6   Next: 56%
Magic:  0/7        EV: 14    Int:  8    God:    Zin [*.....]
Gold:   112        SH:  0    Dex: 16    Spells: 0 memorised, 5 levels left

rFire  . . .     SeeInvis +     a - +1 rapier
rCold  . . .     Clarity  .     p - +1 leather armour {MR+}
rNeg   . . .     SustAt   .     (no shield)
rPois  .         Gourm    .     c - +0 helmet
rElec  .         Spirit   +     (no cloak)
rCorr  .         Warding  .     (no gloves)
rMut   .         Stasis   .     (no boots)
MR     +....                    (no amulet)
Stlth  +.........               m - ring of see invisible
                                (no ring)

@: lethally poisoned (-5 -> -6), somewhat resistant to hostile enchantments,
very unstealthy
A: fangs 2, regeneration 2, magic shield, antimagic bite, no device heal 3, rot
immunity
a: Recite, Donate Gold, Renounce Religion


You were on level 4 of the Dungeon.
You worshipped Zin.
Zin was aware of your devotion.
You were not hungry.

You visited 1 branch of the dungeon, and saw 4 of its levels.

You collected 124 gold pieces.
You donated 12 gold pieces to Zin.

Inventory:

Hand Weapons
 a - a +1 rapier (weapon)
 r - a +0 blowgun
Missiles
 d - 3 throwing nets (quivered)
 t - 11 poisoned needles
Armour
 c - a +0 helmet (worn)
 p - a +1 leather armour of magic resistance (worn)
Jewellery
 h - a cursed ring of loudness {unknown}
 m - a ring of see invisible (right hand)
Scrolls
 b - a scroll of amnesia {unknown}
 i - a scroll of teleportation
 l - a scroll of identify
 s - a scroll of magic mapping {unknown}
Potions
 f - 3 potions of curing {unknown}
 g - 3 potions of heal wounds {unknown}
 j - a potion of lignification {unknown}
 k - a potion of brilliance {unknown}
 n - 2 potions of might {unknown}
Comestibles
 e - 2 bread rations
 o - a fruit
 q - a royal jelly
 u - a chunk of flesh


   Skills:
 + Level 2.8 Fighting
 + Level 3.6 Short Blades
 - Level 1.7 Throwing
 + Level 2.1 Armour
 + Level 4.3 Dodging
 - Level 0.6 Stealth


You had 5 spell levels left.
You didn't know any spells.

Dungeon Overview and Level Annotations

Branches:
Dungeon (4/15)
 Temple: D:4-7

Altars:
Ashenzari
Kikubaaqudgha
Trog
Zin

Annotations:
D:4 Uberwunderbarhen's ghost, novice OpFi


Innate Abilities, Weirdness & Mutations

You have extremely sharp teeth.
You heal very quickly.
When hurt, damage is shared between your health and your magic reserves.
Your bite disrupts and absorbs the magic of your enemies.
Potions and wands cannot restore your health.
You are immune to rotting.


Message History

The worker ant barely misses you. Uberwunderbarhen's ghost hits you!
* * * LOW HITPOINT WARNING * * *
You hit Uberwunderbarhen's ghost. You bite Uberwunderbarhen's ghost.
You drain its power.
You feel invigorated.
Uberwunderbarhen's ghost is almost destroyed.
The worker ant barely misses you.
Uberwunderbarhen's ghost hits you but does no damage.
You closely miss Uberwunderbarhen's ghost.
Uberwunderbarhen's ghost is almost destroyed.
The worker ant bites you!
* * * LOW HITPOINT WARNING * * *
You are poisoned.
The worker ant poisons you! The worker ant bites you.
* * * LOW HITPOINT WARNING * * *
Uberwunderbarhen's ghost hits you but does no damage.
You hit Uberwunderbarhen's ghost.
Your bite misses Uberwunderbarhen's ghost.
Uberwunderbarhen's ghost is almost destroyed.
You feel sick. The worker ant misses you. Uberwunderbarhen's ghost hits you!
You die...

#############
###............
..............
#............
#............
###....W.......
#......@a......
#.#............
#..............
...............
#.#...>........
. #############


You could see a worker ant and Uberwunderbarhen's ghost.

Vanquished Creatures
  Sigmund (D:3)
  An ice beast (D:3)
  3 adders
  4 worms
  2 giant cockroaches
  6 hobgoblins
  7 kobolds
  2 quokkas (D:2)
  A ball python (D:2)
  8 bats
  A giant gecko (D:3)
  A giant newt (D:1)
  8 goblins
  12 rats
57 creatures vanquished.

Notes
Turn   | Place    | Note
--------------------------------------------------------------
     0 | D:1      | Raultor the Vine Stalker Gladiator began the quest for the Orb.
     0 | D:1      | Reached XP level 1. HP: 11/11 MP: 2/2
   189 | D:1      | Reached XP level 2. HP: 15/15 MP: 3/3
   573 | D:2      | Reached XP level 3. HP: 12/18 MP: 0/4
   582 | D:1      | Reached skill level 3 in Dodging
   847 | D:2      | Reached XP level 4. HP: 16/23 MP: 2/5
   964 | D:2      | Found a glowing silver altar of Zin.
   965 | D:2      | Found a shattered altar of Ashenzari.
   972 | D:2      | Became a worshipper of Zin the Law-Giver
   983 | D:2      | Noticed a moth of wrath
   985 | D:2      | Found a bloodstained altar of Trog.
  1400 | D:3      | Noticed Sigmund
  1420 | D:3      | Killed Sigmund
  1420 | D:3      | Reached skill level 1 in Armour
  1420 | D:3      | Reached skill level 4 in Dodging
  1420 | D:3      | Reached XP level 5. HP: 4/27 MP: 1/6
  1420 | D:3      | Gained mutation: You heal very quickly. [Vine Stalker growth]
  1420 | D:3      | Reached XP level 6. HP: 4/32 MP: 1/7
  1499 | D:3      | Found an ancient bone altar of Kikubaaqudgha.
  1538 | D:3      | Reached * piety under Zin
  1752 | D:3      | Noticed an ice beast
  1769 | D:3      | Killed an ice beast
  1835 | D:4      | Noticed Uberwunderbarhen's ghost (novice OpFi)
  1848 | D:4      | Slain by Uberwunderbarhen's ghost

Action                   |  1- 3 |  4- 6 || total
-------------------------+-------+-------++-------
Melee: Rapier            |   107 |    95 ||   202
  Use: Scroll            |     1 |     3 ||     4
 Stab: Sleeping          |       |     1 ||     1
  Eat: Chunk             |       |     3 ||     3
